 Dungeon Crawl Stone Soup version 0.18.1-5-g4a78601 (webtiles) character file.

45 Mefis the Magician (level 3, 0/19 HPs)
             Began as a Deep Elf Wizard on May 12, 2016.
             Succumbed to an adder's poison
             ... on level 2 of the Dungeon.
             The game lasted 00:02:53 (1170 turns).

Mefis the Magician (Deep Elf Wizard)                Turns: 1170, Time: 00:02:54

Health: 0/19       AC:  4    Str:  4    XL:     3   Next: 42%
Magic:  11/11      EV: 18    Int: 23    God:
Gold:   32         SH:  0    Dex: 18    Spells: 5 memorised, 1 level left

rFire  . . .     SeeInvis +     g - +0 dagger
rCold  . . .     Gourm    .     a - +0 robe
rNeg   . . .     Faith    .     (no shield)
rPois  .         Spirit   .     b - +0 hat
rElec  .         Dismiss  .     (no cloak)
rCorr  .         Reflect  .     (no gloves)
SustAt .         Harm     .     j - +1 pair of boots
MR     .....                    i - amulet of rage
Stlth  ++++......               (no ring)
                                r - ring of see invisible

@: agile, lethally poisoned (0 -> -3), flying, not resistant to hostile
enchantments, stealthy
A: no striking features
a: Evoke Berserk Rage


You were on level 2 of the Dungeon.
You were hungry.

You visited 1 branch of the dungeon, and saw 2 of its levels.

You collected 32 gold pieces.

Inventory:

Hand Weapons
 g - a +0 dagger (weapon)
Missiles
 h - 11 poisoned needles
 q - 24 sling bullets
Armour
 a - a +0 robe (worn)
 b - a +0 hat (worn)
 j - a +1 pair of boots (worn)
Jewellery
 i - an amulet of rage (around neck)
 r - a ring of see invisible (left hand)
Scrolls
 e - a scroll of magic mapping {unknown}
 m - a scroll of blinking {unknown}
 p - a scroll of amnesia {unknown}
Books
 c - a book of Minor Magic

   Spells                             Type                      Level
   a - Magic Dart                     Conjuration                  1
   b - Blink                          Translocation                2
   c - Call Imp                       Summoning                    2
   d - Repel Missiles                 Charms/Air                   2
   e - Slow                           Hexes                        2
   f - Conjure Flame                  Conjuration/Fire             3
   g - Mephitic Cloud                 Conjuration/Poison/Air       3
Comestibles
 d - 2 bread rations
 f - 2 meat rations
 k - a beef jerky


   Skills:
 + Level 2.8 Dodging
 + Level 3.2 Stealth
 + Level 4.8 Spellcasting
 * Level 2.3 Conjurations
 + Level 1.3 Summonings
 - Level 1.1 Translocations
 + Level 0.0 Poison Magic


You had one spell level left.
You knew the following spells:

 Your Spells              Type           Power        Failure   Level  Hunger
a - Magic Dart            Conj           ###.         3%          1    None
b - Call Imp              Summ           ##......     10%         2    None
c - Blink                 Tloc           N/A          12%         2    None
d - Repel Missiles        Chrm/Air       #.....       17%         2    None
e - Mephitic Cloud        Conj/Pois/Air  #.......     24%         3    ##.....


Dungeon Overview and Level Annotations

Branches:
Dungeon (2/15)

Altars:


Message History

You feel agile all of a sudden.
You feel sick.
Drink which item? (? for menu, Esc to quit)
It was a potion of magic.
Magic courses through your body.
There is a lethal amount of poison in your body!
There is a lethal amount of poison in your body!
There is a lethal amount of poison in your body!
There is a lethal amount of poison in your body!
You feel sick.
* * * LOW HITPOINT WARNING * * *
You feel sick.
* * * LOW HITPOINT WARNING * * *
You feel sick.
* * * LOW HITPOINT WARNING * * *
You feel sick.
* * * LOW HITPOINT WARNING * * *
You feel sick.
* * * LOW HITPOINT WARNING * * *
You feel sick.
You die...

..............# #>.#
.............###..##...
....................#
#...####.#.##..#.#
#........#.##......
#...######>##....###
##.##...# #.####..#
........#### #.# ....
##.##....@†# #.. ..###
# #.####.# ### ## #. .#
.. .# ... .# ##. .# ..
.#


There were no monsters in sight!

Vanquished Creatures
  2 adders (D:2)
  2 bats (D:2)
  A giant cockroach (D:1)
  3 goblins
  5 hobgoblins (D:1)
  3 quokkas (D:2)
  A ball python (D:1)
  A giant newt (D:1)
  4 kobolds
  3 rats (D:1)
25 creatures vanquished.

Notes
Turn   | Place    | Note
--------------------------------------------------------------
     0 | D:1      | Mefis the Deep Elf Wizard began the quest for the Orb.
     0 | D:1      | Reached XP level 1. HP: 10/10 MP: 7/7
   396 | D:1      | Reached XP level 2. HP: 15/15 MP: 7/9
   996 | D:2      | Reached XP level 3. HP: 19/19 MP: 0/11
  1095 | D:2      | Learned a level 2 spell: Call Imp
  1098 | D:2      | Learned a level 2 spell: Blink
  1101 | D:2      | Learned a level 2 spell: Repel Missiles
  1105 | D:2      | Learned a level 3 spell: Mephitic Cloud
  1170 | D:2      | Succumbed to an adder's poison

Skill      XL: |  1  2 |
---------------+-------+-----
Stealth        | 3 |  3.2
Conjurations   | 2 |  2.3
Dodging        | |  2.8
Spellcasting   | |  4.8
Summonings     | |  1.3
Translocations | |  1.1

Action                   || total
-------------------------++-------
Melee: Dagger            ||    11
 Cast: Magic Dart        ||    53
  Use: Potion            ||     3
 Stab: Sleeping          ||     1
Armor: Robe              ||     4
Dodge: Dodged            ||    18
